 Dungeon Crawl Stone Soup version 0.30-a0-824-g6c64550be9 (webtiles) character file.

Game seed: 4605124408248079347

15 Pimp the Trooper (level 2, -1/24 HPs)
             Began as a Demonspawn Berserker on Feb 27, 2023.
             Was a Follower of Trog.
             Slain by a gnoll
             ... wielding a +0 flail
              (9 damage)
             ... on level 1 of the Dungeon.
             The game lasted 00:00:58 (322 turns).

Pimp the Trooper (Demonspawn Berserker)              Turns: 322, Time: 00:00:58

Health: -1/24      AC:  2    Str: 17    XL:     2   Next: 34%
Magic:  2/2        EV: 12    Int:  8    God:    Trog [*.....]
Gold:   90         SH:  0    Dex: 14    Spells: 1/1 levels left

rFire   . . .      SeeInvis .    a - +0 hand axe
rCold   . . .      Faith    .    (no shield)
rNeg    . . .      Spirit   .    b - +0 animal skin
rPois   .          Reflect  .    (no helmet)
rElec   .          Harm     .    (no cloak)
rCorr   .          Rampage  .    (no gloves)
Will    .....                    (no boots)
Stlth   ++                       (no amulet)
HPRegen 0.24/turn                (no ring)
MPRegen 0.08/turn                (no ring)

@: no status effects
A: thin skeletal structure 1
a: Renounce Religion, Berserk


You were on level 1 of the Dungeon.
You worshipped Trog.
Trog was aware of your devotion.
You visited 1 branch of the dungeon, and saw 1 of its levels.

You collected 90 gold pieces.

Inventory:

Hand Weapons
 a - a +0 hand axe (weapon)
Armour
 b - a +0 animal skin (worn)
Jewellery
 c - a ring of ice
Scrolls
 d - a scroll of identify {unknown}
 e - a scroll of immolation {unknown}


   Skills:
 + Level 3.2 Fighting
 + Level 2.9 Axes
 + Level 2.1 Armour
 + Level 2.0 Dodging


You had one spell level left.
You didn't know any spells.
Your spell library was empty.

Dungeon Overview and Level Annotations

Branches:
Dungeon (1/15)

Altars:


Innate Abilities, Weirdness & Mutations

You have a somewhat thin skeletal structure. (Dex +2, Stealth+)


Message History

The stone hits you but does no damage.
The gnoll hits something with a +0 flail!
The gnoll shouts!
You hit the goblin. Your punch misses the goblin.
The goblin is moderately wounded.
The goblin closely misses you.
The kobold throws a stone.
The stone hits you. The goblin hits you with a +0 club.
A hobgoblin comes into view.
You closely miss the goblin.
The goblin is moderately wounded.
The goblin barely misses you.
The ball python hisses angrily.
You hit the goblin.
The goblin is heavily wounded.
The goblin barely misses you.
You slash the kobold!
You kill the kobold!
Trog accepts your kill.
You hit the goblin.
You kill the goblin!
Trog accepts your kill. The gnoll barely misses you.
Things that are here:
a +0 dagger; 2 stones You hit the gnoll.
The gnoll is moderately wounded.
The gnoll hits you with a +0 flail!
You barely miss the gnoll.
The gnoll is moderately wounded.
You hit the hobgoblin but do no damage.
The hobgoblin hits you but does no damage.
The gnoll misses you.
You hit the gnoll.
The gnoll is severely wounded.
You hit the ball python. You barely miss the hobgoblin.
The hobgoblin closely misses you. The gnoll hits you with a +0 flail.
The ball python misses you. The ball python barely misses you.
The hobgoblin hits you. The ball python bites you.
The ball python closely misses you. The gnoll hits you with a +0 flail!
You die...

####### #...... .......
....... #######
.......## ##.......
........#######.........
......S)........~~.⌠~~⌠~
......g@......#.~...P.P†
.####.g.##......P.####.~
#..>#.##.#....P.. #.~
......####......⌠.####.⌠
PPP...#...#.#...⌠.P....~
...PP...........~P⌠~~⌠~⌠
P.?...#..##.#.#.........
..P.P #.....#.##.#######
P.....#...##### #


You could see a gnoll, a hobgoblin and a ball python.

Vanquished Creatures
  2 endoplasms (D:1)
  A giant cockroach (D:1)
  2 goblins (D:1)
  A hobgoblin (D:1)
  5 bats (D:1)
  A frilled lizard (D:1)
  A kobold (D:1)
13 creatures vanquished.

Vanquished Creatures (others)
  2 plants (D:1)
2 creatures vanquished.

Grand Total: 15 creatures vanquished

Notes
Turn   | Place    | Note
-------+----------+-------------------------------------------
     0 | D:1      | Pimp the Demonspawn Berserker began the quest for the Orb.
     0 | D:1      | Reached XP level 1. HP: 18/18 MP: 1/1
   138 | D:1      | Gained mutation: You have a somewhat thin skeletal
                  | structure. (Dex +2, Stealth+) [demonic ancestry]
   138 | D:1      | Reached XP level 2. HP: 21/24 MP: 2/2
   322 | D:1      | Slain by a gnoll

Illustrated notes

Levels and vault maps discovered:
D:1:      dpeg_arrival_short_road, layout_basic,
          shapermc_ecumenical_altar_acropolis, nicolae_grassy_gnolls

Skill      XL: |  1 |
---------------+----+-----
Armour         | 2 |  2.1
Dodging        | 2 |  2.0
Fighting       | |  3.2
Axes           | |  2.9

Action                     || total
---------------------------++-------
  Melee: Hand axe          ||    38
   Stab: Sleeping          ||     1
 Armour: Animal skin       ||    12
  Dodge: Dodged            ||    41

Table legend: (Time is in decaauts)
 A = Elapsed time spent in this place.
 B = Non-inter-level travel time spent in this place.
 C = Inter-level travel time spent in this place.
 D = Time resting spent in this place.
 E = Time spent auto-exploring this place.
 F = Levels seen in this place.
 G = Mean time per level.
                   A        B        C        D        E       F      G
               +--------+--------+--------+--------+--------+-----+--------+
         Total |    327 |    325 |      2 |      0 |    212 |   1 |  327.0 |
       Dungeon |    327 |    325 |      2 |      0 |    212 |   1 |  327.0 |
               +--------+--------+--------+--------+--------+-----+--------+

Top non-repeatable levels by time:
     D:1: 327 daAuts
